 Dungeon Crawl Stone Soup version 0.31-a0-810-ga77100ea1a (webtiles) character file.

Game seed: 11404218988893630850

521 Dittersdorf the Covered (level 7, -1/44 HPs)
             Began as a Gargoyle Fighter on Sept 21, 2023.
             Was an Initiate of Qazlal.
             Killed by divine providence
             ... invoked by an orc priest
              (10 damage)
             ... on level 5 of the Dungeon.
             The game lasted 00:05:45 (3727 turns).

Dittersdorf the Covered (Gargoyle Fighter)          Turns: 3727, Time: 00:05:46

Health: -1/44      AC: 17    Str: 22    XL:     7   Next: 21%
Magic:  7/7        EV:  8    Int:  8    God:    Qazlal [......]
Gold:   256        SH:  5    Dex:  9    Spells: 6/6 levels left

rFire   . . .        t - +0 morningstar
rCold   . . .        c - +1 buckler
rNeg    + . .        o - +0 chain mail
rPois   ∞            l - +0 helmet
rElec   +            (no cloak)
rCorr   .            r - +0 pair of gloves
SInv    .            (no boots)
Will    .....        (no amulet) Stlth
                     (no ring)
HPRegen 0.27/turn    (no ring)
MPRegen 0.10/turn

%: no passive effects
@: no status effects
A: sickness immunity, AC +4, negative energy resistance 1, electricity
resistance, torment resistance 1, petrification resistance
a: Renounce Religion


You were on level 5 of the Dungeon.
You worshipped Qazlal.
Qazlal was noncommittal.
You visited 2 branches of the dungeon, and saw 6 of its levels.
You also visited: Sewer.

You collected 256 gold pieces.

Inventory:

Hand Weapons
 t - a +0 morningstar (weapon)
Missiles
 i - a curare-tipped dart (quivered)
Armour
 c - a +1 buckler (worn)
 l - a +0 helmet (worn)
 o - a +0 chain mail (worn)
 r - a +0 pair of gloves (worn)
Jewellery
 f - an amulet of regeneration
Scrolls
 e - 3 scrolls of enchant armour
 m - 3 scrolls of teleportation
Potions
 b - a potion of brilliance
 d - 2 potions of might
 g - a potion of cancellation {unknown}
 h - 2 potions of haste {unknown}
 j - 4 potions of heal wounds {unknown}
 k - a potion of attraction {unknown}
 n - a potion of magic
 p - 2 potions of ambrosia
 q - a potion of resistance
 s - a potion of curing {unknown}


   Skills:
 + Level 5.1 Fighting
 + Level 4.1 Maces & Flails
 + Level 5.2 Armour
 + Level 5.2 Shields


You had 6 spell levels left.
You didn't know any spells.
Your spell library contained the following spells:

 Spells                   Type           Power      Damage    Failure   Level
 Slow                     Hex            0%         N/A       97%         1
 Confusing Touch          Hex            0%         N/A       100%        3
 Sigil of Binding         Hex            0%         N/A       100%        3
 Stone Arrow              Conj/Erth      0%         3d7       100%        3
 Vampiric Draining        Necr           0%         2d6       100%        3
 Animate Armour           Summ/Erth      0%         N/A       100%        4
 Lehudib's Crystal Spear  Conj/Erth      0%         10d2      100%        8


Dungeon Overview and Level Annotations

Branches:
Dungeon (5/15)             Temple (1/1) D:5           Sewer (visited)

Altars:
Cheibriados
Dithmenos
Elyvilon
Fedhas
Kikubaaqudgha
Makhleb
Nemelex Xobeh
Qazlal
Sif Muna
Trog
Uskayaw
Wu Jian
Xom
Yredelemnul


Innate Abilities, Weirdness & Mutations

You are immune to sickness and miasma.
Your stone body is resilient. (AC +4)
You are immune to poison.
You resist negative energy. (rN+)
You are resistant to electric shocks. (rElec)
You are resistant to unholy torment.
You are immune to petrification.


Message History

The orc priest barely misses you. The orc hits you but does no damage.
The orc priest hits you but does no damage. x2
The orc closely misses you.
You closely miss the orc priest. The orc priest barely misses you.
The orc priest closely misses you. The orc hits you but does no damage.
You hit the orc priest.
The orc priest is lightly wounded.
The orc priest hits you but does no damage.
The orc priest barely misses you. The orc hits you but does no damage.
You hit the orc priest.
The orc priest is heavily wounded.
The orc priest calls upon Beogh to heal the orc priest.
The orc priest is healed somewhat.
The orc priest completely misses you. The orc hits you but does no damage.
You block the orc priest's attack.
The orc priest casts a cantrip, but nothing happens.
The orc closely misses you.
You barely miss the orc priest.
The orc priest is moderately wounded.
The orc priest hits you with a +0 mace.
The orc priest calls down the wrath of Beogh upon you.
Beogh smites you!
* * * LOW HITPOINT WARNING * * *
The orc barely misses you.
You hit the orc priest.
The orc priest is heavily wounded.
The orc priest calls upon Beogh to heal the orc priest.
The orc priest is healed somewhat.
The orc priest hits you but does no damage.
The orc hits you but does no damage.
You closely miss the orc priest.
The orc priest is moderately wounded.
You block the orc priest's attack.
The orc priest hits you but does no damage.
The orc misses you. The orc closely misses you.
The orc priest hits you but does no damage. x2
You barely miss the orc priest.
The orc priest is moderately wounded.
The orc priest invokes the aid of Beogh against you.
Beogh smites you!
You die...

..# .... # ..# ...#
... # ..# ...# ..#
.########...#
..######............
..##...............
..##............5.
..##...........oo###
#.##....# #...o@).#
#.##....# #.#...#.#
#.......# #...# #
#.......####+#...#
.................#
..#..............#
...............###
...............##..
............~~~~~≈~≈


You could see 2 orc priests, a shadow imp and an orc.

Vanquished Creatures
  Pargi (Sewer)
  A kobold brigand (Sewer)
  3 orc priests
  A hound (D:5)
  An iguana (D:4)
  An orc wizard (D:5)
  9 adders
  A river rat (D:4)
  An ufetubus (D:5)
  2 worms
  13 orcs
  8 ball pythons
  6 endoplasms
  6 giant cockroaches
  4 hobgoblins
  5 kobolds
  5 quokkas
  8 bats
  2 frilled lizards
  7 goblins
  11 rats
96 creatures vanquished.

Notes
Turn   | Place    | Note
-------+----------+-------------------------------------------
     0 | D:1      | Dittersdorf the Gargoyle Fighter began the quest for the
                  | Orb.
     0 | D:1      | Reached XP level 1. HP: 14/14 MP: 1/1
   241 | D:1      | Reached XP level 2. HP: 19/19 MP: 2/2
   802 | D:2      | Found a shadowy altar of Dithmenos.
   822 | D:2      | Reached XP level 3. HP: 21/23 MP: 3/3
   960 | D:2      | Reached XP level 4. HP: 29/29 MP: 4/4
  1611 | D:3      | Found an ornate altar of the Wu Jian Council.
  1889 | D:3      | Reached XP level 5. HP: 33/33 MP: 5/5
  2437 | D:4      | Found an ancient bone altar of Kikubaaqudgha.
  2492 | D:4      | Found a glowing drain.
  2551 | Sewer    | Entered a sewer
  2583 | Sewer    | Noticed Pargi
  2592 | Sewer    | Killed Pargi
  2593 | Sewer    | Reached XP level 6. HP: 35/39 MP: 6/6
  2906 | D:4      | Found a shimmering altar of Xom.
  3023 | D:4      | Reached skill level 5 in Shields
  3408 | D:5      | Entered Level 5 of the Dungeon
  3438 | D:5      | Reached skill level 5 in Fighting
  3438 | D:5      | Reached skill level 5 in Armour
  3438 | D:5      | Reached XP level 7. HP: 38/44 MP: 7/7
  3543 | D:5      | Found a staircase to the Ecumenical Temple.
  3560 | Temple   | Entered the Ecumenical Temple
  3578 | Temple   | Became a worshipper of Qazlal Stormbringer
  3727 | D:5      | Killed from afar by an orc priest

Illustrated notes

Levels and vault maps discovered:
D:1:      saegor_arrival_simple_c, layout_loops_ring
D:2:      layout_rooms, basic_altar
D:3:      layout_loops_ring, nicolae_overflow_hidden_temple
D:4:      layout_gridville, lemuel_tele_altar, kiku_gazebo_pond_becter,
          portal_sewer_entry_e, chequers_arboretum,
          amcnicky_mini_rare_corridor_liquid, hangedman_abyss_or_decor_stabs
D:5:      layout_basic, minmay_temple_entry_statues, minmay_crystal_water,
          nicolae_figureground_sparkle
Temple:   compressed_dpeg_circular_temple

Skill      XL: |  1  2  3  4  5  6 |
---------------+-------------------+-----
Shields        | 4 5 |  5.2
Fighting       | 4 5 |  5.1
Maces & Flails | 3 4 |  4.1
Armour         | 4 5 |  5.2

Action                     |  1- 3 |  4- 6 |  7- 9 || total
---------------------------+-------+-------+-------++-------
  Melee: Flail             |   112 |   269 |    26 ||   407
         Morningstar       |       |       |    23 ||    23
    Use: Scroll            |       |    11 |     1 ||    12
         Potion            |       |     1 |       ||     1
 Armour: Scale mail        |   104 |    40 |       ||   144
         Chain mail        |       |   176 |    43 ||   219
  Dodge: Dodged            |    79 |   132 |    26 ||   237
  Block: Buckler           |    39 |    67 |    14 ||   120

Table legend: (Time is in decaauts)
 A = Elapsed time spent in this place.
 B = Non-inter-level travel time spent in this place.
 C = Inter-level travel time spent in this place.
 D = Time resting spent in this place.
 E = Time spent auto-exploring this place.
 F = Levels seen in this place.
 G = Mean time per level.
                   A        B        C        D        E       F      G
               +--------+--------+--------+--------+--------+-----+--------+
         Total |   3853 |   3752 |    101 |    136 |   2531 |   7 |  550.4 |
       Dungeon |   3600 |   3499 |    101 |    136 |   2412 |   5 |  720.0 |
        Temple |     35 |     35 |      0 |      0 |      0 |   1 |   35.0 |
         Sewer |    216 |    216 |      0 |      0 |    119 |   1 |  216.0 |
               +--------+--------+--------+--------+--------+-----+--------+

Top non-repeatable levels by time:
     D:2: 990 daAuts
     D:4: 838 daAuts
     D:1: 769 daAuts
     D:3: 704 daAuts
     D:5: 299 daAuts
   Sewer: 216 daAuts
  Temple: 35 daAuts
